 Dungeon Crawl Stone Soup version 0.28-a0-1114-g8eb0198dcf (webtiles) character file.

Game seed: 8157520127297363563

144 ChaosChampion the Insei (level 5, -3/33 HPs)
             Began as an Octopode Transmuter on Dec 11, 2021.
             Slain by a river rat (9 damage)
             ... on level 4 of the Dungeon.
             The game lasted 00:06:27 (3446 turns).

ChaosChampion the Insei (Octopode Transmuter)       Turns: 3446, Time: 00:06:28

Health: -3/33      AC:  1    Str:  8 (9)  XL:     5   Next: 27%
Magic:  8/8        EV: 13    Int: 14 (17) God:
Gold:   90         SH:  0    Dex: 17 (19) Spells: 2/8 levels left

rFire   . . .      SeeInvis .     - Unarmed
rCold   . . .      Faith    .   (no shield)
rNeg    . . .      Spirit   .   d - +0 hat
rPois   .          Reflect  .   (no amulet)
rElec   .          Harm     .   c - ring of flight
rCorr   .          Rampage  .   h - +6 ring of dexterity
Will    .....                   (no ring)
Stlth   ++........              (no ring)
HPRegen 0.11/turn               (no ring)
MPRegen 0.11/turn               (no ring)
                                (no ring)
                                (no ring)

@: confused, lethally poisoned (-3 -> -9), ambrosia-drunk, flying
A: almost no armour, amphibious, 8 rings, camouflage 1, gelatinous body 1,
(nimble swimmer 1), tentacles
a: no special abilities


You were on level 4 of the Dungeon.
You visited 1 branch of the dungeon, and saw 4 of its levels.

You collected 90 gold pieces.

Inventory:

Missiles
 a - 2 atropa-tipped darts (quivered)
Armour
 d - a +0 hat (worn)
Jewellery
 c - a ring of flight (left tentacle)
 h - a +6 ring of dexterity (right tentacle)
Wands
 l - a wand of digging (5)
Scrolls
 b - a scroll of teleportation
 e - a scroll of identify {unknown}
 f - 3 scrolls of enchant armour {unknown}
 g - a scroll of amnesia {unknown}
Potions
 k - a potion of magic {unknown}


   Skills:
 - Level 1.0 Fighting
 - Level 2.0 Dodging
 * Level 5.3 Unarmed Combat
 - Level 2.0 Spellcasting
 + Level 2.8 Transmutations


You had 2 spell levels left.
You knew the following spells:

 Your Spells              Type           Power      Damage    Failure   Level
a - Beastly Appendage     Tmut           18%        N/A       8%          1
b - Wereblood             Tmut           9%         N/A       11%         2
c - Spider Form           Tmut/Pois      5%         N/A       36%         3

Your spell library contained the following spells:

 Spells                   Type           Power      Damage    Failure   Level
 Animate Skeleton         Necr           2%         N/A       24%         1
 Apportation              Tloc           2%         N/A       24%         1
 Summon Small Mammal      Summ           4%         N/A       24%         1
 Call Canine Familiar     Summ           1%         N/A       56%         3
 Summon Guardian Golem    Hex/Summ       1%         N/A       56%         3
 Ice Form                 Ice/Tmut       5%         N/A       78%         4


Dungeon Overview and Level Annotations

Branches:
Dungeon (4/15)
 Temple: D:4-7

Altars:
Dithmenos
Uskayaw


Innate Abilities, Weirdness & Mutations

You cannot wear most types of armour.
You are amphibious.
You can wear up to eight rings at the same time.
Your skin changes colour to match your surroundings (Stealth+).
Your rubbery body absorbs attacks. (AC +1, EV +1)
((You are camouflaged near water. (Stealth+)))
You have tentacles for arms and can constrict up to eight enemies at once.


Message History

The adder bites you.
You are poisoned.
The adder poisons you!
Throw: 4 darts (atropa)
Press: ? - help, Q - select action, (/) - cycle Shift-Dir - straight line, f - adder
Aim: an adder (44% to hit, chance to blind on hit: 100%)
You throw an atropa-tipped dart.
The atropa-tipped dart barely misses the adder.
You hear a splash.
You feel sick. The adder misses you.
A river rat comes into view.
Throw: 3 darts (atropa)
Press: ? - help, Q - select action, (/) - cycle Shift-Dir - straight line, f/p - adder
Aim: an adder (44% to hit, chance to blind on hit: 100%)
You throw an atropa-tipped dart. The atropa-tipped dart hits the adder.
The adder appears confused.
You hear a splash.
Your primal bloodlust has ended.
You feel sick. The adder misses you. The adder bites you.
* * * LOW HITPOINT WARNING * * *
You are lethally poisoned!
The adder poisons you!
It was a potion of degeneration.
There was something very wrong with that liquid.
You feel weakened.
You feel dopey.
You feel clumsy.
* * * LOW HITPOINT WARNING * * *
You feel sick.
The adder seems less confused.
The adder barely misses you.
It was a potion of ambrosia.
You are confused.
You feel invigorated.
You feel sick. The adder barely misses you. The river rat closely misses you.
You're too confused to cast spells.
You feel sick. The adder barely misses you. The river rat bites you!
* * * LOW HITPOINT WARNING * * *
You barely miss the adder.
You feel sick.
The adder is no longer blind.
The adder bites you.
* * * LOW HITPOINT WARNING * * *
You are lethally poisoned!
The adder poisons you! The river rat bites you!
You die...

#...# #.... ########
#..## #....≈≈# ###.#
#...≈≈≈# #.. #....#(#
#.. #...≈≈≈# #..
#.w.≈#≈# #.. #.@S≈≈≈#
##. #..r≈#≈# #..
#...≈# #.. ##....# ##.
#.....############..
#...................
##........#.....###.
#....##..###......##
......###...........#.


You could see a worm, an adder and a river rat.

Vanquished Creatures
  7 adders
  A worm (D:2)
  4 orcs (D:4)
  8 ball pythons
  5 bats
  4 endoplasms
  2 giant cockroaches
  5 hobgoblins
  4 jackals (D:2)
  3 quokkas
  12 frilled lizards
  9 goblins
  7 kobolds
  2 rats
73 creatures vanquished.

Vanquished Creatures (others)
  5 fungi (D:1)
  A plant (D:1)
6 creatures vanquished.

Grand Total: 79 creatures vanquished

Notes
Turn   | Place    | Note
-------+----------+-------------------------------------------
     0 | D:1      | ChaosChampion the Octopode Transmuter began the quest for
                  | the Orb.
     0 | D:1      | Reached XP level 1. HP: 13/13 MP: 3/3
   233 | D:1      | Reached XP level 2. HP: 11/18 MP: 3/5
   260 | D:1      | Learned a level 2 spell: Wereblood
   749 | D:1      | Reached skill level 4 in Unarmed Combat
   758 | D:1      | Reached XP level 3. HP: 23/23 MP: 3/6
   898 | D:1      | Found a faded altar of an unknown god.
  1131 | D:1      | Learned a level 3 spell: Spider Form
  1653 | D:2      | Reached XP level 4. HP: 22/28 MP: 1/7
  2358 | D:2      | Found a hide-covered altar of Uskayaw.
  2971 | D:2      | Reached skill level 5 in Unarmed Combat
  3370 | D:4      | Found a shadowy altar of Dithmenos.
  3373 | D:4      | Reached XP level 5. HP: 29/33 MP: 1/8
  3446 | D:4      | Slain by a river rat

Illustrated notes

Levels and vault maps discovered:
D:1:      lightli_arrival_noodles, layout_loops_ring,
          shapermc_ecumenical_altar_hornbeckon, minmay_lizard_pond
D:2:      layout_loops_ring, serial_rivers, chequers_serial_rivers_marsh,
          chequers_serial_rivers_large_a, chequers_serial_rivers_room_b,
          chequers_serial_rivers_micro_b, chequers_serial_rivers_small_b,
          chequers_serial_rivers_small_3, basic_altar
D:3:      minmay_octagon_keep, layout_basic, mainiacjoe_overflow_catwalk_spiral,
          minmay_overflow_temple_star_hex
D:4:      corexii_shack_village, layout_cave_pools, general_overflow_altar,
          mainiacjoe_overflow_brackets, serial_forest,
          infiniplex_forest_clump_small, infiniplex_forest_straight_3,
          infiniplex_forest_clump_curved, infiniplex_forest_lined_room_2,
          infiniplex_forest_zigzag_2, serial_shops, shop,
          lightli_sewer_entry_pipes, grunt_ministairs_10, minmay_misc_feat_iff,
          minmay_mini_ossuary

Skill      XL: |  1  2  3  4 |
---------------+-------------+-----
Unarmed Combat | 4 5 |  5.3
Fighting       | |  1.0
Dodging        | |  2.0
Spellcasting   | |  2.0
Transmutations | |  2.8

Action                   |  1- 3 |  4- 6 || total
-------------------------+-------+-------++-------
Melee: Unarmed           |    82 |    51 ||   133
       Kick              |    13 |    11 ||    24
       Constrict         |    26 |    16 ||    42
       Tentacles         |     9 |     9 ||    18
       Punch             |     1 |     1 ||     2
Throw: Dart              |       |     2 ||     2
 Cast: Beastly Appendage |    15 |    12 ||    27
       Wereblood         |    12 |     9 ||    21
       Spider Form       |       |     1 ||     1
  Use: Potion            |       |     3 ||     3
       Scroll            |       |     1 ||     1
 Stab: Sleeping          |     2 |     5 ||     7
Armor: Skin              |     9 |     1 ||    10
Dodge: Dodged            |    36 |    31 ||    67

Table legend: (Time is in decaauts)
 A = Elapsed time spent in this place.
 B = Non-inter-level travel time spent in this place.
 C = Inter-level travel time spent in this place.
 D = Time resting spent in this place.
 E = Time spent auto-exploring this place.
 F = Levels seen in this place.
 G = Mean time per level.
                   A        B        C        D        E       F      G
               +--------+--------+--------+--------+--------+-----+--------+
         Total |   3435 |   3435 |      0 |   1120 |   1467 |   4 |  858.8 |
       Dungeon |   3435 |   3435 |      0 |   1120 |   1467 |   4 |  858.8 |
               +--------+--------+--------+--------+--------+-----+--------+

Top non-repeatable levels by time:
     D:2: 1854 daAuts
     D:1: 1461 daAuts
     D:4: 94 daAuts
     D:3: 24 daAuts
